Map: New Gettysburg LE

Players

llllllllllll - Winner!

  • Race: Protoss Protoss
  • League: Diamond

Marcin

  • Race: Terran Terran
  • League: Diamond

VOD

Have the link to the VOD?

Description

Time

  • Played on: July 22, 2016, 10:52 p.m.
  • Length: 15:19
Show
View Real Time Build Order
Export as new Build Order

llllllllllll Protoss - Winner!

Build Orders: Oracle Opening 

Get SALT Encoding   

  12  0:01  Probe (Chrono Boost)  
  13  0:11  Probe (Chrono Boost)  
  14  0:18  Pylon  
  14  0:22  Probe (Chrono Boost)  
  15  0:37  Probe (Chrono Boost)  
  15  0:39  Gateway  
  16  0:47  Probe (Chrono Boost)  
  16  0:48  Assimilator  
  17  0:57  Assimilator  
  17  0:59  Probe (Chrono Boost)  
  18  1:10  Probe (Chrono Boost)  
  19  1:20  Probe (Chrono Boost)  
  20  1:29  Cybernetics Core  
  20  1:31  Probe (Chrono Boost)  
  21  1:36  Pylon  
  21  1:41  Probe (Chrono Boost)  
  22  1:52  Probe (Chrono Boost)  
  23  2:08  Mothership Core (Chrono Boost)  
  25  2:14  Nexus  
  25  2:22  Nexus  
  25  2:26  Probe (Chrono Boost)  
  26  2:46  Stargate  
  26  3:03  Nexus  
  26  3:23  Pylon  
  26  3:29  Oracle  
  26  3:30  Pylon  
  29  3:35  Probe x2 (Chrono Boost)  
  31  3:46  Stargate  
  31  3:47  Probe (Chrono Boost)  
  32  3:51  Probe (Chrono Boost)  
  33  4:00  Probe (Chrono Boost)  
  33  4:01  Probe (Chrono Boost)  
  35  4:11  Probe (Chrono Boost)  
  35  4:12  Probe (Chrono Boost)  
  37  4:17  Probe (Chrono Boost)  
  37  4:21  Probe (Chrono Boost)  
  37  4:22  Probe (Chrono Boost)  
  40  4:25  Void Ray  
  40  4:28  Probe (Chrono Boost)  
  45  4:44  Probe (Chrono Boost)  
  43  4:46  Pylon  
  43  4:47  Void Ray  
  43  4:52  Forge  
  47  4:53  Probe (Chrono Boost)  
  48  5:02  Pylon  
  48  5:03  Probe (Chrono Boost)  
  49  5:09  Void Ray  
  54  5:14  Probe (Chrono Boost)  
  54  5:18  Probe (Chrono Boost)  
  55  5:25  Probe (Chrono Boost)  
  55  5:27  Photon Cannon  
  54  5:29  Void Ray  
  54  5:33  Probe (Chrono Boost)  
  59  5:38  Photon Cannon  
  59  5:40  Probe (Chrono Boost)  
  59  5:41  Assimilator  
  60  5:43  Assimilator, Probe (Chrono Boost)  
  60  5:48  Photon Cannon  
  61  5:51  Probe (Chrono Boost)  
  61  5:55  Void Ray  
  66  6:01  Assimilator, Probe (Chrono Boost)  
  67  6:06  Assimilator  
  67  6:10  Probe x2 (Chrono Boost)  
  69  6:18  Probe (Chrono Boost)  
  70  6:21  Probe x2 (Chrono Boost)  
  70  6:24  Pylon  
  72  6:29  Probe (Chrono Boost)  
  72  6:31  Probe (Chrono Boost)  
  72  6:32  Fleet Beacon, Probe (Chrono Boost)  
  75  6:35  Pylon  
  75  6:39  Probe (Chrono Boost)  
  76  6:50  Probe (Chrono Boost)  
  75  7:14  Carrier  
  75  7:22  Carrier  
  87  7:34  Photon Cannon  
  87  7:35  Photon Cannon  
  87  7:38  Photon Cannon  
  87  7:41  Mothership Core (Chrono Boost)  
  89  7:51  Stargate  
  89  7:52  Stargate  
  89  7:56  Stargate  
  88  8:03  Probe (Chrono Boost)  
  88  8:04  Pylon  
  89  8:13  Probe (Chrono Boost)  
  90  8:20  Graviton Catapult  
  90  8:23  Nexus  
  90  8:24  Pylon  
  90  8:30  Probe (Chrono Boost)  
  90  8:31  Carrier  
  90  8:34  Probe (Chrono Boost)  
  92  8:39  Carrier x2  
  92  8:41  Probe (Chrono Boost)  
  111  8:44  Probe (Chrono Boost)  
  112  8:51  Probe (Chrono Boost)  
  112  8:54  Photon Cannon  
  112  8:55  Probe (Chrono Boost)  
  114  8:57  Carrier  
  120  9:17  Pylon  
  120  9:20  Pylon  
  120  9:22  Pylon  
  120  9:24  Pylon  
  120  9:26  Pylon  
  120  9:34  Nexus  
  120  9:40  Assimilator  
  120  9:42  Assimilator  
  120  9:45  Photon Cannon  
  120  9:48  Photon Cannon  
  120  9:49  Photon Cannon  
  120  9:50  Pylon  
  120  9:51  Probe (Chrono Boost)  
  121  9:54  Pylon  
  121  9:56  Pylon  
  121  9:57  Carrier  
  126  10:35  Carrier x3  
  126  10:38  Probe (Chrono Boost)  
  145  10:49  Probe (Chrono Boost)  
  146  10:52  Probe (Chrono Boost)  
  147  10:59  Probe (Chrono Boost)  
  147  11:02  Probe (Chrono Boost)  
  149  11:10  Probe (Chrono Boost)  
  150  11:13  Probe (Chrono Boost)  
  151  11:20  Probe (Chrono Boost)  
  151  11:23  Carrier  
  151  11:24  Probe (Chrono Boost)  
  159  11:31  Probe (Chrono Boost)  
  160  12:31  Carrier x3  
  160  12:36  Nexus  
  178  12:48  Carrier  
  177  13:10  Pylon  
Show
View Real Time Build Order
Export as new Build Order

Marcin Terran 

Build Orders: Reaper Expand, MMM Bio 

Get SALT Encoding   

  12  0:01  SCV  
  13  0:17  Supply Depot  
  13  0:18  SCV  
  14  0:31  SCV  
  15  0:40  Barracks  
  15  0:43  SCV  
  15  0:47  Refinery  
  16  0:55  SCV  
  17  1:07  SCV  
  18  1:19  SCV  
  19  1:31  Reaper  
  20  1:33  Orbital Command  
  20  1:51  Command Center  
  20  1:52  Supply Depot  
  20  1:59  SCV  
  21  2:08  Barracks Reactor  
  21  2:11  Refinery, SCV  
  22  2:23  SCV  
  22  2:26  Factory  
  23  2:35  SCV  
  23  2:47  SCV  
  23  2:49  Marine x2  
  26  2:59  SCV  
  26  3:00  Barracks  
  26  3:02  Engineering Bay  
  27  3:07  Marine x2  
  27  3:11  SCV, Widow Mine  
  32  3:14  Bunker  
  32  3:19  Starport  
  32  3:32  Orbital Command  
  32  3:36  Missile Turret  
  32  3:39  SCV  
  33  3:52  Factory Tech Lab  
  33  3:54  SCV  
  34  3:57  Medivac  
  34  4:00  Barracks Tech Lab  
  34  4:01  Marine x2  
  34  4:02  SCV  
  39  4:06  SCV  
  40  4:13  Siege Tank  
  40  4:14  SCV  
  44  4:18  SCV  
  44  4:20  Supply Depot  
  45  4:24  Supply Depot  
  45  4:26  SCV  
  45  4:27  Missile Turret  
  46  4:35  SCV  
  44  4:38  SCV  
  45  4:46  Missile Turret  
  45  4:47  SCV, Marine  
  45  4:48  Marine x2  
  45  4:50  SCV, Stimpack  
  45  4:51  Starport Tech Lab  
  50  4:57  Supply Depot  
  50  5:02  Siege Tank  
  50  5:05  SCV x2, Marine  
  56  5:17  SCV  
  55  5:30  Viking  
  55  5:31  Marine x2  
  55  5:32  Marine  
  55  5:34  SCV  
  55  5:35  SCV  
  62  5:39  Starport  
  62  5:43  Supply Depot  
  62  5:46  SCV  
  62  5:47  SCV  
  62  5:49  Marine x3  
  66  5:55  Refinery  
  67  5:57  Refinery  
  67  5:58  SCV  
  67  5:59  SCV  
  69  6:04  Viking  
  69  6:05  Supply Depot  
  69  6:07  Supply Depot, Marine  
  69  6:10  SCV  
  73  6:11  SCV, Barracks  
  74  6:28  Starport Reactor  
  74  6:30  SCV  
  74  6:31  SCV  
  74  6:32  Marine x3  
  79  6:34  Medivac  
  81  6:42  SCV  
  81  6:43  SCV  
  83  6:47  Supply Depot  
  83  6:48  Supply Depot  
  83  6:50  Combat Shields  
  83  6:51  Supply Depot  
  83  6:55  SCV x2  
  77  7:24  Marine x3  
  77  7:25  Marine  
  79  7:35  Missile Turret  
  79  7:36  Missile Turret x2  
  79  7:38  Missile Turret x2  
  79  7:40  Missile Turret  
  79  7:41  Missile Turret  
  79  7:42  Marine x4  
  83  7:48  Terran Infantry Armor Level 1  
  83  7:50  Missile Turret  
  76  7:51  Missile Turret  
  76  7:52  Missile Turret  
  76  7:53  Missile Turret  
  76  7:54  Missile Turret  
  73  7:59  SCV  
  73  8:00  Marine x4  
  78  8:07  Engineering Bay  
  78  8:11  SCV  
  78  8:12  Starport x2  
  79  8:13  Missile Turret  
  79  8:14  Missile Turret  
  79  8:18  Marine x4  
  85  8:29  Cyclone  
  87  8:35  Marine  
  87  8:36  Marine x3  
  91  8:41  Command Center  
  91  8:50  Starport Reactor  
  91  8:53  Marine x3  
  91  8:54  Marine  
  95  9:01  Cyclone  
  99  9:11  Marine x4  
  99  9:13  Starport Reactor  
  99  9:16  Command Center  
  102  9:26  Viking x2  
  102  9:29  Marine x4  
  110  9:33  Supply Depot  
  110  9:34  Supply Depot  
  110  9:47  Marine x3  
  114  9:56  Viking x4  
  122  10:02  Barracks Reactor  
  122  10:03  SCV x2  
  122  10:04  Marine  
  122  10:05  Marine x2  
  126  10:15  SCV x2  
  126  10:22  Marine x2  
  126  10:23  Marine  
  126  10:26  Viking  
  126  10:27  SCV, Viking  
  126  10:28  Viking  
  136  10:40  Marine x2  
  138  10:55  Viking  
  138  10:56  Marine x2  
  142  10:57  Viking, Marine  
  142  10:58  Viking  
  147  11:06  Command Center  
  147  11:15  Medivac  
  147  11:27  Planetary Fortress  
  145  11:37  Supply Depot  
  145  11:38  Supply Depot  
  140  12:00  Missile Turret  
  140  12:01  Missile Turret  
  140  12:02  Missile Turret  
  140  12:04  Supply Depot  
  140  12:07  Supply Depot  
  140  12:17  Medivac x2, SCV, Viking  
  140  12:22  Missile Turret  
  147  12:24  Marine  
  147  12:26  Medivac, Marine x4  
  155  12:30  SCV  
  155  12:32  Supply Depot x2  
  152  12:53  Medivac, SCV, Viking, Marine x4  
  139  13:16  Command Center, Marine x4  
  139  14:10  Marine x5  
  144  14:20  SCV x2  
  144  14:21  SCV  
  147  14:27  Marine  
  147  14:28  Marine x3  
  151  14:32  SCV x2  
Tags
 
Add a new tag
Caveats
  • Supply blocks, unpowered buildings, or Contaminate may cause inaccurate times.
  • Supply counts are checked every 10 seconds.